 Dungeon Crawl Stone Soup version 0.27-a0-1281-ge233d83751 (webtiles) character file.

Game seed: 590364533966512285

7803 pOrYW the Geomancer (level 11, -8/54 HPs)
             Began as a Gargoyle Earth Elementalist on June 13, 2021.
             Was the Champion of Elyvilon.
             Shot with an arrow by a centaur warrior (16 damage)
             ... on level 13 of the Dungeon.
             The game lasted 00:58:28 (11003 turns).

pOrYW the Geomancer (Gargoyle Earth Elementalist)  Turns: 11003, Time: 00:58:29

Health: -8/54      AC: 39    Str: 17    XL:     11   Next: 21%
Magic:  21/21      EV:  9    Int: 17    God:    Elyvilon [******]
Gold:   466        SH:  0    Dex: 10    Spells: 19/23 levels left

rFire    . . .     SeeInvis .   y - +8 glaive of the Guard {elec, spectral, AC+5}
rCold    . . .     Faith    +   (shield currently unavailable)
rNeg     + . .     Spirit   .   I - +5 chain mail of Eternal Vigilance {Str+3}
rPois    ∞         Reflect  .   u - +1 helmet
rElec    +         Harm     .   j - +0 cloak
rCorr    +         Rampage  .   g - +2 pair of gloves
Will     .....                  (no boots)
Stlth    +.........             B - amulet of faith
HPRegen  0.18/turn              o - ring of resist corrosion
MPRegen  0.17/turn              x - +4 ring of protection

@: no status effects
A: sickness immunity, AC +8, negative energy resistance 1, electricity
resistance, torment resistance 1, petrification resistance
a: Renounce Religion, Lesser Healing, Heal Other, Purification, Greater Healing,
Divine Vigour, Divine Protection


You were on level 13 of the Dungeon.
You worshipped Elyvilon.
Elyvilon was exalted by your worship.
You visited 2 branches of the dungeon, and saw 14 of its levels.

You collected 614 gold pieces.
You spent 148 gold pieces at shops.

Inventory:

Hand Weapons
 y - the +8 glaive of the Guard (weapon) {elec, spectral, AC+5}
   (You found it on level 6 of the Dungeon)

   Occasionally, upon striking a foe, it can discharge electrical energy and
   cause terrible harm.
   When it strikes, its spirit leaps out and fights alongside the wielder.
   It affects your AC (+5).
Missiles
 b - 134 stones
 w - 2 throwing nets
Armour
 g - a +2 pair of gloves (worn)
 j - a +0 cloak (worn)
 s - a scarf of repulsion
 u - a +1 helmet (worn)
 I - the +5 chain mail of Eternal Vigilance (worn) {Str+3}
   (You found it on level 10 of the Dungeon)

   It affects your strength (+3).
Jewellery
 o - a ring of resist corrosion (left hand)
 x - a +4 ring of protection (right hand)
 A - a ring of see invisible
 B - an amulet of faith (around neck)
 G - a +6 ring of strength
Wands
 l - a wand of digging (14)
 t - a wand of flame (6)
 z - a wand of iceblast (11)
 D - a wand of acid (27)
Scrolls
 f - a scroll of fog {unknown}
 i - a scroll of identify
 k - 2 scrolls of blinking {unknown}
 m - 5 scrolls of teleportation
 n - 3 scrolls of fear {unknown}
 q - 2 scrolls of vulnerability {unknown}
 r - a scroll of enchant weapon {unknown}
 v - 3 scrolls of amnesia {unknown}
 C - a scroll of magic mapping {unknown}
 E - 2 scrolls of noise {unknown}
Potions
 a - 2 potions of lignification
 c - 2 potions of magic
 d - 5 potions of curing
 e - a potion of berserk rage
 h - a potion of brilliance
 p - a potion of resistance {unknown}
 F - a potion of haste {unknown}
 H - a potion of attraction {unknown}


   Skills:
 + Level 7.3 Armour
 + Level 6.1 Dodging
 + Level 8.6 Stealth
 + Level 6.6 Spellcasting
 - Level 0.7 Transmutations
 * Level 12.0 Earth Magic


You had 19 spell levels left.
You knew the following spells:

 Your Spells              Type           Power      Damage    Failure   Level
a - Sandblast             Erth           92%        2d19      1%          1
b - Stone Arrow           Conj/Erth      52%        3d10      34%         3

Your spell library contained the following spells:

 Spells                   Type           Power      Damage    Failure   Level
 Passwall                 Tmut/Erth      22%        N/A       16%         2
 Lee's Rapid Deconstruct  Erth           23%        3d14*     26%         5
 Petrify                  Tmut/Erth      27%        N/A       69%         4
 Freeze                   Ice            20%        1d4       80%         1
 Magic Dart               Conj           20%        1d4       80%         1
 Shock                    Conj/Air       20%        1d4       80%         1
 Blink                    Tloc           N/A        N/A       91%         2
 Call Imp                 Summ           5%         N/A       91%         2
 Searing Ray              Conj           10%        3d3       91%         2
 Slow                     Hex            5%         N/A       91%         2
 Static Discharge         Conj/Air       5%         N/A       91%         2
 Conjure Flame            Conj/Fire      5%         6-21      99%         3
 Dazzling Flash           Conj/Hex       10%        N/A       99%         3
 Frozen Ramparts          Ice            10%        1d3       99%         3
 Mephitic Cloud           Conj/Pois/Air  5%         N/A       99%         3
 Ozocubu's Armour         Ice            5%         N/A       99%         3
 Swiftness                Air            5%         N/A       99%         3
 Airstrike                Air            2%         N/A       100%        4
 Fulminant Prism          Conj/Hex       2%         3d6       100%        4
 Hailstorm                Conj/Ice       5%         3d4       100%        4
 Iskenderun's Mystic Bla  Conj/Tloc      5%         2d3       100%        4
 Lightning Bolt           Conj/Air       2%         1d14      100%        5
 Metabolic Englaciation   Hex/Ice        2%         N/A       100%        5


Dungeon Overview and Level Annotations

Branches:
Dungeon (14/15)            Temple (1/1) D:4          Vaults (0/5) D:13
   Lair: D:8-11         Orc: D:9-12

Altars:
Ashenzari
Cheibriados
Dithmenos
Elyvilon
Fedhas
Gozag
Hepliaklqana
Kikubaaqudgha
Makhleb
Nemelex Xobeh
Okawaru
Qazlal
Ru
Sif Muna
Trog
Uskayaw
Vehumet
Wu Jian
Xom
Yredelemnul
Zin
The Shining One

Shops:
D:2 !   D:5 [   D:6 *

Annotations:
D:9 2 transporters, Tribosh's ghost, novice MiBe
D:13 Rupert


Innate Abilities, Weirdness & Mutations

You are immune to sickness and miasma.
Your stone body is resilient. (AC +8)
You are immune to poison.
You resist negative energy. (rN+)
You are resistant to electric shocks. (rElec)
You are resistant to unholy torment.
You are immune to petrification.


Message History

The human shouts!
A human comes into view.
The human shouts!
A great orb of eyes comes into view.
The great orb of eyes turns its gaze towards you.
A human comes into view.
The human shouts!
The centaur warrior wields a shortbow.
The centaur warrior shoots an arrow.
The arrow hits you!
* * * LOW HITPOINT WARNING * * *
The human hits you but does no damage.
The orc knight hits you but does no damage.
A human comes into view.
The human closely misses you. The human hits you.
* * * LOW HITPOINT WARNING * * *
A human comes into view. x2
Rupert the Wild comes into view.
He is wielding a +0 battleaxe of freezing.
Found 17 gold pieces, a scale mail, a whip and a dented amethyst amulet.
Found a gate to the Vaults.
Found two stone staircases leading up and a stone staircase leading down.
A centaur warrior and a human come into view.
The human hits you but does no damage. The human barely misses you.
The human hits you but does no damage. The orc knight closely misses you.
The human closely misses you.
As you read the scroll of teleportation, it crumbles to dust.
You feel strangely unstable.
Rupert roars madly and goes into a rage!
Rupert goes berserk!
The human hits you but does no damage.
The orc knight hits you but does no damage.
The human hits you but does no damage. The human hits you.
* * * LOW HITPOINT WARNING * * *
Your surroundings suddenly seem different.
A centaur warrior comes into view.
The centaur warrior shouts!
You hear a shout!
The centaur warrior wields a +0 longbow.
The centaur warrior shoots an arrow.
The arrow hits you but does no damage.
Found 21 stones and a pink potion.
The centaur warrior shoots an arrow.
The arrow hits you!
You die...

#.pp@ ... ..#
#.o.. .. ...
#.p.p #.# ^.#
#...p
..####..#
.......
##......#
..#.[..
#......##
........
#.......#
........
#.(.@#
.......
#.#.#.#
.....#...
#......#...#
##....#......
#.c.# #......
....... #...#
.....!.
....... ....
.......
......#


You could see a centaur warrior.

Vanquished Creatures
  Erolcha (D:9)
  Maurice (D:9)
  A troll (D:10)
  A hornet (D:5)
  A meliai zombie (D:10)
  2 wyverns
  9 yaks (D:9)
  3 steam dragons
  An acid dragon (D:10)
  2 water moccasins
  An ice beast (D:7)
  3 orc warriors
  4 ogres
  3 sky beasts
  8 centaurs
  A phantom (D:6)
  4 bullfrogs
  2 kobold brigands
  2 scorpions (D:5)
  A gnoll sergeant (D:6)
  9 wights
  3 howler monkeys (D:10)
  A bullfrog zombie (D:5)
  2 centaur zombies
  5 hounds
  A bullfrog skeleton (D:7)
  A gnoll shaman (D:6)
  3 orc priests
  8 orc wizards
  3 iguanas
  A killer bee zombie (D:7)
  A hound skeleton (D:4)
  Robin (D:4)
  A howler monkey zombie (D:7)
  9 adders
  20 gnolls
  A shadow imp (D:7)
  A white imp (D:7)
  An ufetubus (D:4)
  2 adder skeletons (D:4)
  3 worms (D:3)
  2 dart slugs
  32 orcs
  5 bats
  5 endoplasms
  A giant cockroach (D:1)
  6 hobgoblins
  3 jackals (D:2)
  15 kobolds
  3 quokkas
  6 ball pythons
  4 frilled lizards
  21 goblins
  2 rats
233 creatures vanquished.

Vanquished Creatures (others)
  A human (D:4)
1 creature vanquished.

Grand Total: 234 creatures vanquished

Notes
Turn   | Place    | Note
-------+----------+-------------------------------------------
     0 | D:1      | pOrYW the Gargoyle Earth Elementalist began the quest for
                  | the Orb.
     0 | D:1      | Reached XP level 1. HP: 10/10 MP: 3/3
   160 | D:1      | Reached XP level 2. HP: 15/15 MP: 5/5
   581 | D:1      | Reached skill level 4 in Earth Magic
  1153 | D:2      | Reached skill level 1 in Armour
  1164 | D:2      | Reached XP level 3. HP: 10/19 MP: 2/6
  1783 | D:2      | Found Myosapri's Distillery.
  1790 | D:2      | Bought a potion of lignification for 30 gold pieces
  1849 | D:2      | Reached XP level 4. HP: 17/24 MP: 3/7
  2227 | D:2      | Bought a potion of brilliance for 40 gold pieces
  2234 | D:2      | Learned a level 3 spell: Stone Arrow
  2702 | D:3      | Noticed an ogre
  2712 | D:3      | Reached XP level 5. HP: 28/28 MP: 8/8
  2716 | D:3      | Killed an ogre
  2717 | D:3      | Reached skill level 5 in Earth Magic
  3291 | D:4      | Reached XP level 6. HP: 32/32 MP: 5/10
  3373 | D:4      | Found a staircase to the Ecumenical Temple.
  3385 | Temple   | Entered the Ecumenical Temple
  3649 | Temple   | Became a worshipper of Elyvilon the Healer
  4192 | D:4      | Found an ancient bone altar of Kikubaaqudgha.
  4193 | D:4      | Noticed a human
  4196 | D:4      | Killed a human
  4201 | D:4      | Reached * piety under Elyvilon
  4369 | D:4      | Noticed Robin
  4415 | D:4      | Killed Robin
  4738 | D:5      | Entered Level 5 of the Dungeon
  4738 | D:5      | Noticed a sky beast
  4751 | D:5      | Killed a sky beast
  4752 | D:5      | Reached skill level 6 in Earth Magic
  4752 | D:5      | Reached XP level 7. HP: 30/36 MP: 4/11
  4965 | D:5      | Found Kegiudoc's Antique Armour Emporium.
  5121 | D:5      | Reached ** piety under Elyvilon
  5421 | D:5      | Reached XP level 8. HP: 41/41 MP: 11/13
  5448 | D:5      | Found a radiant altar of Vehumet.
  5448 | D:5      | Found a shimmering altar of Xom.
  5471 | D:5      | Reached skill level 7 in Earth Magic
  5679 | D:5      | Noticed a hornet
  5691 | D:5      | Killed a hornet
  5692 | D:5      | Reached skill level 5 in Stealth
  5815 | D:2      | Bought a potion of brilliance for 40 gold pieces
  6385 | D:6      | Found Posseac's Assorted Antiques.
  6393 | D:6      | Bought a scroll of identify for 38 gold pieces
  6435 | D:6      | Reached skill level 8 in Earth Magic
  6661 | D:6      | Found the +8 glaive of the Guard {elec, spectral, AC+5}
  6741 | D:6      | Reached XP level 9. HP: 45/45 MP: 8/15
  7099 | D:6      | Reached *** piety under Elyvilon
  7612 | D:7      | Reached skill level 5 in Armour
  7613 | D:7      | Reached skill level 9 in Earth Magic
  7731 | D:7      | Reached skill level 5 in Spellcasting
  8143 | D:7      | Reached **** piety under Elyvilon
  8734 | D:8      | Reached skill level 5 in Dodging
  8734 | D:8      | Reached skill level 10 in Earth Magic
  8919 | D:8      | Reached XP level 10. HP: 50/50 MP: 18/18
  8989 | D:8      | Found a glowing silver altar of Zin.
  9202 | D:9      | Reached ***** piety under Elyvilon
  9407 | D:9      | Found a bloodstained altar of Trog.
  9407 | D:9      | Noticed Tribosh's ghost (novice MiBe)
  9408 | D:9      | Noticed a two-headed ogre
  9408 | D:9      | Noticed a moth of wrath
  9409 | D:9      | Noticed a cyclops
  9488 | D:9      | Found a transporter.
  9540 | D:9      | Found a transporter.
  9575 | D:9      | Reached skill level 11 in Earth Magic
  9667 | D:9      | Noticed Maurice
  9676 | D:9      | Killed Maurice
  9789 | D:9      | Noticed Erolcha
  9792 | D:9      | Killed Erolcha
  9908 | D:9      | Reached XP level 11. HP: 54/54 MP: 20/20
 10024 | D:10     | Entered Level 10 of the Dungeon
 10307 | D:10     | Reached skill level 12 in Earth Magic
 10389 | D:10     | Identified the +5 chain mail of Eternal Vigilance {Str+3}
 10977 | D:11     | You fall into a shaft and drop 3 floors!
 10983 | D:13     | Noticed a centaur warrior
 10997 | D:13     | Found a gate to the Vaults.
 10997 | D:13     | Reached ****** piety under Elyvilon
 10997 | D:13     | Noticed an orc knight
 10997 | D:13     | Noticed a great orb of eyes
 10997 | D:13     | Noticed Rupert
 10998 | D:13     | Noticed a centaur warrior
 11002 | D:13     | Noticed a centaur warrior
 11003 | D:13     | Shot with an arrow by a centaur warrior

Illustrated notes

Levels and vault maps discovered:
D:1:      lemuel_arrival_room, layout_basic
D:2:      layout_rooms, serial_shops, shop
D:3:      layout_basic, minmay_ogre_servants
D:4:      layout_cave_pods, tgw_kikubaaqudgha, temple_fountains,
          dk_noncrumbling_3, uniq_robin
D:5:      layout_rooms, gammafunk_temple_overflow_wave, serial_shops, shop
D:6:      layout_gridville, serial_shops, nicolae_shop_stone
D:7:      layout_cave_pods, corexii_corridor_pit
D:8:      layout_rooms, lemuel_coloured_pillars_altar
D:9:      layout_irregular_city, gammafunk_ghost_wrathful_warriors,
          uniq_maurice, uniq_erolcha
D:10:     layout_rooms, nrook_loot_triangle, hangedman_decor_clover_reticule,
          st_stairs_13
D:11:     layout_gridville, dpeg_oklobed_lair, uniq_fannar
D:13:     layout_cave_pools, david_vaults_3, uniq_rupert
D:14:     minmay_blocky_corners, layout_long_grid,
          chequers_serial_rivers_micro_d, slow_altar_2, uniq_louise
Temple:   dpeg_five_rooms_temple

Skill      XL: |  1  2  3  4  5  6  7  8  9 10 11 |
---------------+----------------------------------+-----
Earth Magic    | 4 5 6 8 10 11 12 | 12.0
Armour         | 1 2 3 4 5 7 |  7.3
Dodging        | 2 3 4 5 6 |  6.1
Stealth        | 3 4 5 7 8 |  8.6
Spellcasting   | 3 4 5 6 |  6.6
Transmutations | |  0.7

Action                   |  1- 3 |  4- 6 |  7- 9 | 10-12 || total
-------------------------+-------+-------+-------+-------++-------
Melee: Mace              |    63 |    88 |       |       ||   151
       Dagger            |       |       |    35 |       ||    35
       Glaive            |       |       |    73 |    80 ||   153
 Cast: Sandblast         |    24 |    69 |   112 |     5 ||   210
Invok: Heal Other        |       |       |     1 |       ||     1
Evoke: Wand              |       |       |     6 |       ||     6
  Use: Scroll            |     2 |     1 |     2 |     4 ||     9
       Potion            |       |     3 |     2 |     1 ||     6
 Stab: Sleeping          |     7 |     2 |       |       ||     9
Armor: Robe              |     3 |       |       |       ||     3
       Leather armour    |    39 |    44 |       |       ||    83
       Skin              |       |    28 |     7 |       ||    35
       Scale mail        |       |    21 |     9 |       ||    30
       Chain mail        |       |       |   139 |   122 ||   261
Dodge: Dodged            |    52 |    63 |    80 |    59 ||   254

Table legend: (Time is in decaauts)
 A = Elapsed time spent in this place.
 B = Non-inter-level travel time spent in this place.
 C = Inter-level travel time spent in this place.
 D = Time resting spent in this place.
 E = Time spent auto-exploring this place.
 F = Levels seen in this place.
 G = Mean time per level.
                   A        B        C        D        E       F      G
               +--------+--------+--------+--------+--------+-----+--------+
         Total |  11160 |  10731 |    429 |    337 |   8696 |  14 |  797.1 |
       Dungeon |  10866 |  10467 |    399 |    337 |   8435 |  13 |  835.8 |
        Temple |    293 |    263 |     30 |      0 |    261 |   1 |  293.0 |
               +--------+--------+--------+--------+--------+-----+--------+

Top non-repeatable levels by time:
     D:4: 1396 daAuts
     D:5: 1391 daAuts
     D:6: 1196 daAuts
     D:2: 1159 daAuts
     D:1: 1157 daAuts
     D:7: 1068 daAuts
     D:3: 998 daAuts
     D:9: 936 daAuts
    D:10: 771 daAuts
     D:8: 566 daAuts
  Temple: 293 daAuts
    D:11: 197 daAuts
    D:13: 19 daAuts
    D:14: 5 daAuts
